 Dungeon Crawl Stone Soup version 0.15.2 (console) character file.

790 Lightli the Cudgeler (level 8, -1/49 HPs)
             Began as a Halfling Death Knight on Aug 21, 2022.
             Was a Priest of Yredelemnul.
             Slain by a gnoll
             ... wielding a cursed -3 flail
              (8 damage)
             ... on Level 5 of the Dungeon.
             The game lasted 00:12:21 (5902 turns).

Lightli the Cudgeler (Halfling Death Knight)        Turns: 5902, Time: 00:12:22

HP  -1/49        AC  6     Str 14      XL: 8   Next: 12%
MP  12/12        EV 12     Int 13      God: Yredelemnul [***...]
Gold 118         SH  0     Dex 15      Spells:  0 memorised,  7 levels left

rFire  . . .     SeeInvis .     a - +1 mace
rCold  . . .     Clarity  .     t - +0 leather armour
rNeg   + . .     rCorr    .     (no shield)
rPois  +         rRot     .     u - +1 helmet {Int+3}
rElec  .         Spirit   .     r - +0 cloak
SustAb .         Warding  .     (no gloves)
rMut   .         Stasis   .     (no boots)
Gourm  .                        (no amulet)
MR     .....                    y - ring of positive energy
                                j - cursed ring of poison resistance

@: not resistant to hostile enchantments, very unstealthy
A: mutation resistance 1
a: Animate Dead, Recall Undead Slaves, Injury Mirror, Renounce Religion


You were on level 5 of the Dungeon.
You worshipped Yredelemnul.
Yredelemnul was most pleased with you.
You were not hungry.

You visited 1 branch of the dungeon, and saw 6 of its levels.

You collected 118 gold pieces.

Inventory:

Hand weapons
 a - a +1 mace (weapon)
 w - a +2 dagger of speed
Armour
 r - a +0 cloak (worn)
 t - a +0 leather armour (worn)
 u - a +1 helmet of intelligence (worn)
Magical devices
 g - a wand of frost (2)
 v - a wand of confusion (0)
Comestibles
 c - 6 bread rations
 l - 4 fruits
 m - a beef jerky
 o - a royal jelly
 x - a slice of pizza
Scrolls
 h - a scroll of remove curse
 i - a scroll of random uselessness
 k - a scroll of immolation
 p - a scroll of enchant weapon
Jewellery
 j - a cursed ring of poison resistance (left hand)
 y - a ring of positive energy (right hand)
Potions
 b - a potion of brilliance
 d - a potion of restore abilities
 e - a potion of poison
 n - 2 potions of might


   Skills:
 - Level 1.7 Fighting
 + Level 7.3 Maces & Flails
 - Level 1.1 Armour
 - Level 1.1 Dodging
 - Level 3.0 Invocations


You had 7 spell levels left.
You didn't know any spells.

Dungeon Overview and Level Annotations

Branches:
Dungeon (6/15)
 Temple: D:4-7

Altars:
Okawaru


Innate Abilities, Weirdness & Mutations

You are small and have problems with some larger weapons.
You are somewhat resistant to further mutation.


Message History

You thump the gnoll!
The gnoll is almost dead.
The gnoll hits you from afar with a halberd!
* * * LOW HITPOINT WARNING * * *
Your adder skeleton barely misses the goblin skeleton.
The gnoll hits you with a flail.
* * * LOW HITPOINT WARNING * * *
The goblin skeleton hits your adder skeleton.
Unknown command.
Your adder skeleton bites the goblin skeleton.
Unknown command.
The goblin skeleton hits your adder skeleton.
Your adder skeleton is destroyed!
Unknown command.
Press: ? - help, v - describe, . - travel
Here: a gnoll, wielding a flail (almost dead)
The floor.
The gnoll hits you with a flail!
You die...
Your body rises from the dead as a mindless zombie.

###.# ##...##.##.## ...
....# ####....$...
#...##### .###....
#.###.#.# #####........
.###.
#.......##.......$.....
...#
.#..#.)..............
.#.#
#.###.Z.##.........!.(.
.#.# #......g#
#####....#### .#.###
######g## #.. . .....#
#@# # ## ...#.# #.#
.....###########.#
#.........Z......#
#.##.#############
#.##.# #....# #.##.#
.....#


You could see 2 gnolls and a goblin skeleton.

Vanquished Creatures
  Eustachio (D:4)
  An ogre (D:5)
  A crimson imp (D:4)
  2 iguanas (D:4)
  A giant frog skeleton (D:4)
  3 gnolls
  9 adders
  A giant mite (D:2)
  A worm (D:2)
  3 oozes
  5 orcs
  14 goblins
  7 hobgoblins
  18 jackals
  7 kobolds
  5 quokkas
  12 bats
  8 giant cockroaches
  A giant cockroach zombie (D:4)
  A giant newt (D:2)
  13 rats
114 creatures vanquished.

Vanquished Creatures (collateral kills)
  Menkaure (D:4)
  An ogre (D:3)
  2 orc priests (D:3)
  A worker ant (D:3)
  Jessica (D:3)
  A gnoll (D:3)
  An adder (D:4)
  A giant gecko (D:4)
  An ooze (D:3)
  2 orcs (D:3)
  2 bats
  2 hobgoblins (D:2)
  3 jackals (D:3)
  A kobold (D:3)
  A rat (D:3)
21 creatures vanquished.

Vanquished Creatures (others)
  An adder skeleton (D:5)
  An adder zombie (D:3)
  A giant cockroach zombie (D:4)
  A giant gecko zombie (D:4)
  A goblin zombie (D:1)
  A jackal zombie (D:6)
  A quokka zombie (D:3)
7 creatures vanquished.

Grand Total: 142 creatures vanquished

Notes
Turn   | Place    | Note
--------------------------------------------------------------
     0 | D:1      | Lightli, the Halfling Death Knight, began the quest for the Orb.
     0 | D:1      | Reached XP level 1. HP: 14/14 MP: 2/2
   257 | D:1      | Reached XP level 2. HP: 16/19 MP: 3/3
  1007 | D:2      | Reached XP level 3. HP: 8/24 MP: 5/5
  1295 | D:2      | Acquired Yredelemnul's second power
  1517 | D:2      | Reached XP level 4. HP: 26/29 MP: 6/6
  1647 | D:2      | Found an iron altar of Okawaru.
  2462 | D:3      | Reached skill level 4 in Maces & Flails
  2462 | D:3      | Reached XP level 5. HP: 24/34 MP: 8/8
  2735 | D:3      | Acquired Yredelemnul's third power
  2875 | D:3      | Noticed Jessica
  2886 | D:3      | Killed Jessica
  3374 | D:3      | Reached XP level 6. HP: 39/39 MP: 9/9
  3440 | D:3      | Reached skill level 5 in Maces & Flails
  4178 | D:4      | Noticed Eustachio
  4434 | D:4      | Reached XP level 7. HP: 9/44 MP: 11/11
  4812 | D:4      | Killed Eustachio
  4812 | D:4      | Reached skill level 6 in Maces & Flails
  5370 | D:5      | Entered Level 5 of the Dungeon
  5375 | D:5      | Noticed Menkaure
  5396 | D:4      | Killed Menkaure
  5601 | D:5      | Reached skill level 7 in Maces & Flails
  5601 | D:5      | Reached XP level 8. HP: 49/49 MP: 12/12
  5902 | D:5      | Slain by a gnoll

Action                   |  1- 3 |  4- 6 |  7- 9 || total
-------------------------+-------+-------+-------++-------
Melee: Mace              |    96 |   267 |   168 ||   531
Invok: Animate Remains   |     2 |     1 |       ||     3
       Animate Dead      |       |     6 |     7 ||    13
Evoke: Wand              |       |     6 |     7 ||    13
  Use: Scroll            |       |    12 |     3 ||    15
       Potion            |       |     2 |     6 ||     8
 Stab: Distracted        |       |     1 |     2 ||     3
       Confused          |       |     3 |       ||     3
  Eat: Chunk             |     2 |     9 |     6 ||    17
       Fruit             |       |     1 |       ||     1
